| TOP OF THE 1ST |
|
Princeton Rays batting - Pitching for Pulaski Yankees : LHP Sergio Huerta
|
|
Pitching: LHP Sergio Huerta
|
|
|
Batting: RHB Toshikatsu Omori
|
0-0: Ground out U3 (Groundball, 3, EV 103.1 MPH)
|
|
Batting: RHB Luis Jara
|
0-0: Called Strike 0-1: Ground out 3-1 (Groundball, 34, EV 98.8 MPH)
|
|
Batting: LHB Dave Northam
|
0-0: Foul Ball, location: 2F 0-1: Ball 1-1: Ball 2-1: Ball 3-1: Foul Ball, location: 2F 3-2: Foul Ball, location: 2F 3-2: Foul Ball, location: 2F 3-2: Ground out 4-3 (Groundball, 4, EV 85.6 MPH)
|
| Top of the 1st over - 0 runs, 0 hits, 0 errors, 0 left on base; Princeton 0 - Pulaski 0 |
| BOTTOM OF THE 1ST |
|
Pulaski Yankees batting - Pitching for Princeton Rays : RHP Mo Vaughan
|
|
Pitching: RHP Mo Vaughan
|
|
|
Batting: RHB Bailey Hays
|
0-0: Called Strike 0-1: Ball 1-1: Ball 2-1: Foul Ball, location: 2F 2-2: Strikes out swinging
|
|
Batting: RHB Ken Stair
|
0-0: Ball 1-0: Ball 2-0: Called Strike 2-1: Ball 3-1: Base on Balls
|
|
Batting: SHB Dylan Best
|
0-0: Swinging Strike 0-1: Swinging Strike 0-2: Foul Ball, location: 2F 0-2: Ball 1-2: Strikes out swinging
|
|
Batting: RHB Paul Ngumi
|
0-0: Called Strike 0-1: Called Strike 0-2: Ball 1-2: Ground out 5-3 (Groundball, 56S, EV 78.1 MPH)
|
| Bottom of the 1st over - 0 runs, 0 hits, 0 errors, 1 left on base; Princeton 0 - Pulaski 0 |
| TOP OF THE 2ND |
|
Princeton Rays batting - Pitching for Pulaski Yankees : LHP Sergio Huerta
|
|
Batting: RHB Bobby Ross
|
0-0: Ball 1-0: Ball 2-0: Called Strike 2-1: Ball 3-1: Base on Balls
|
|
Batting: RHB Tony Bonilla
|
0-0: Called Strike 0-1: Swinging Strike 0-2: Strikes out swinging
|
|
Batting: RHB Ben Saxton
|
0-0: Ball Wild Pitch! Bobby Ross to second 1-0: Called Strike 1-1: Ball 2-1: Ground out 4-3 (Groundball, 4, EV 111.2 MPH) Bobby Ross to third
|
|
Batting: RHB Sandoval Serzedelo
|
0-0: Ball 1-0: Ball 2-0: Swinging Strike 2-1: Foul Ball, location: 2F 2-2: Foul Ball, location: 2F 2-2: Ball 3-2: Base on Balls
|
|
Batting: RHB Gilbert Hoareau
|
0-0: Ball 1-0: Called Strike 1-1: Foul Ball, location: 2F 1-2: Ball 2-2: Ball 3-2: Strikes out swinging
|
| Top of the 2nd over - 0 runs, 0 hits, 0 errors, 2 left on base; Princeton 0 - Pulaski 0 |
| BOTTOM OF THE 2ND |
|
Pulaski Yankees batting - Pitching for Princeton Rays : RHP Mo Vaughan
|
|
Batting: RHB Jonathan Feldstein
|
0-0: Ball 1-0: Ball 2-0: Called Strike 2-1: Foul Ball, location: 2F 2-2: Strikes out swinging
|
|
Batting: LHB Dave Ortiz
|
0-0: Ball 1-0: Ball 2-0: Called Strike 2-1: Swinging Strike 2-2: Strikes out looking
|
|
Batting: LHB Chris Viehman
|
0-0: Ball 1-0: Ball 2-0: Foul Ball, location: 2F 2-1: DOUBLE (Groundball, 3L, EV 100.0 MPH)
|
|
Batting: RHB Scott Cuff
|
0-0: Ball 1-0: Ball 2-0: Called Strike 2-1: Ball 3-1: Base on Balls
|
|
Batting: RHB Victor Garcia
|
0-0: Ball 1-0: Fly out, F7 (Flyball, 7LM, EV 91.9 MPH)
|
| Bottom of the 2nd over - 0 runs, 1 hit, 0 errors, 2 left on base; Princeton 0 - Pulaski 0 |
| TOP OF THE 3RD |
|
Princeton Rays batting - Pitching for Pulaski Yankees : LHP Sergio Huerta
|
|
Batting: RHB Willie Acevedo
|
0-0: Fly out, F7 (Flyball, 7, EV 93.1 MPH)
|
|
Batting: RHB Toshikatsu Omori
|
0-0: Called Strike 0-1: Ball 1-1: Ball 2-1: Ground out 5-3 (Groundball, 56, EV 78.8 MPH)
|
|
Batting: RHB Luis Jara
|
0-0: Called Strike 0-1: Swinging Strike 0-2: Foul Ball, location: 2F 0-2: Foul Ball, location: 2F 0-2: Strikes out swinging
|
| Top of the 3rd over - 0 runs, 0 hits, 0 errors, 0 left on base; Princeton 0 - Pulaski 0 |
| BOTTOM OF THE 3RD |
|
Pulaski Yankees batting - Pitching for Princeton Rays : RHP Mo Vaughan
|
|
Batting: RHB Bailey Hays
|
0-0: Fly out, F8 (Flyball, 8RS, EV 94.4 MPH)
|
|
Batting: RHB Ken Stair
|
0-0: Ball 1-0: Swinging Strike 1-1: Ball 2-1: Called Strike 2-2: Strikes out swinging
|
|
Batting: SHB Dylan Best
|
0-0: Ground out 1-3 (Groundball, 13S, EV 63.1 MPH)
|
| Bottom of the 3rd over - 0 runs, 0 hits, 0 errors, 0 left on base; Princeton 0 - Pulaski 0 |
| TOP OF THE 4TH |
|
Princeton Rays batting - Pitching for Pulaski Yankees : LHP Sergio Huerta
|
|
Batting: LHB Dave Northam
|
0-0: Ball 1-0: SINGLE (Groundball, 4MD, EV 95.6 MPH)
|
|
Batting: RHB Bobby Ross
|
0-0: Ball 1-0: Swinging Strike 1-1: Grounds into double play, 5-4-3 (Groundball, 56, EV 91.2 MPH)
|
|
Batting: RHB Tony Bonilla
|
0-0: Foul Ball, location: 2F 0-1: SINGLE (Groundball, 5S, EV 98.1 MPH)
|
|
Batting: RHB Ben Saxton
|
0-0: Called Strike 0-1: Foul Ball, location: 2F 0-2: Strikes out swinging
|
| Top of the 4th over - 0 runs, 2 hits, 0 errors, 1 left on base; Princeton 0 - Pulaski 0 |
| BOTTOM OF THE 4TH |
|
Pulaski Yankees batting - Pitching for Princeton Rays : RHP Mo Vaughan
|
|
Batting: RHB Paul Ngumi
|
0-0: Fly out, F8 (Flyball, 8RD, EV 91.2 MPH)
|
|
Batting: RHB Jonathan Feldstein
|
0-0: Called Strike 0-1: Ball 1-1: Foul Ball, location: 2F 1-2: Foul Ball, location: 2F 1-2: Ball 2-2: Ball 3-2: SINGLE (Groundball, 56D, EV 104.4 MPH)
|
|
Batting: LHB Dave Ortiz
|
0-0: Called Strike 0-1: Ball 1-1: Ball 2-1: Swinging Strike 2-2: Ball 3-2: Strikes out swinging
|
|
Batting: LHB Chris Viehman
|
0-0: Ball 1-0: Ball Jonathan Feldstein steals 2nd base 2-0: Foul Ball, location: 2F 2-1: Foul Ball, location: 2F 2-2: Strikes out swinging
|
| Bottom of the 4th over - 0 runs, 1 hit, 0 errors, 1 left on base; Princeton 0 - Pulaski 0 |
| TOP OF THE 5TH |
|
Princeton Rays batting - Pitching for Pulaski Yankees : LHP Sergio Huerta
|
|
Batting: RHB Sandoval Serzedelo
|
0-0: Ball 1-0: Called Strike 1-1: Ball 2-1: Called Strike 2-2: Ball 3-2: Strikes out swinging
|
|
Batting: RHB Gilbert Hoareau
|
0-0: Ball 1-0: Foul Ball, location: 2F 1-1: Ball 2-1: Foul Ball, location: 2F 2-2: Ball 3-2: Hit by Pitch
|
|
Batting: RHB Willie Acevedo
|
0-0: Called Strike Gilbert Hoareau steals 2nd base (no throw) 0-1: Ball 1-1: Ball 2-1: Foul Ball, location: 2F 2-2: Foul Ball, location: 2F 2-2: Ground out U3 (Groundball, 13, EV 87.5 MPH) Gilbert Hoareau to third
|
|
Batting: RHB Toshikatsu Omori
|
0-0: Swinging Strike 0-1: Ball 1-1: Ball 2-1: Swinging Strike 2-2: Foul Ball, location: 2F 2-2: Foul Ball, location: 2F 2-2: Ground out 4-3 (Groundball, 4MS, EV 86.9 MPH)
|
| Top of the 5th over - 0 runs, 0 hits, 0 errors, 1 left on base; Princeton 0 - Pulaski 0 |
| BOTTOM OF THE 5TH |
|
Pulaski Yankees batting - Pitching for Princeton Rays : RHP Mo Vaughan
|
|
Batting: RHB Scott Cuff
|
0-0: Ball 1-0: Ball 2-0: Ball 3-0: Base on Balls
|
|
Batting: RHB Victor Garcia
|
0-0: Called Strike 0-1: Ball 1-1: Foul Ball, location: 2F 1-2: Ground out 6-3 (Groundball, 6MS, EV 84.4 MPH) Scott Cuff to second
|
|
Batting: RHB Bailey Hays
|
0-0: Called Strike 0-1: Swinging Strike 0-2: Foul Ball, location: 2F 0-2: Strikes out swinging
|
|
Batting: RHB Ken Stair
|
0-0: Intentional Walk
|
|
Batting: SHB Dylan Best
|
0-0: DOUBLE (Flyball, 8LXD, EV 101.2 MPH) Scott Cuff scores Ken Stair to third Runner from 3rd tries for Home, SAFE, no throw by CF
|
|
Batting: RHB Paul Ngumi
|
0-0: Intentional Walk
|
|
Batting: RHB Jonathan Feldstein
|
0-0: SINGLE (Groundball, 6, EV 97.5 MPH) Dylan Best to third Paul Ngumi to second Runner from 3rd tries for Home, SAFE, throw by CF to home
|
|
Batting: LHB Dave Ortiz
|
0-0: Ball 1-0: Foul Ball, location: 2F 1-1: Ball 2-1: Fly out, F8 (Flyball, 8RD, EV 105.0 MPH)
|
| Bottom of the 5th over - 3 runs, 2 hits, 0 errors, 2 left on base; Princeton 0 - Pulaski 3 |
| TOP OF THE 6TH |
|
Princeton Rays batting - Pitching for Pulaski Yankees : LHP Sergio Huerta
|
|
Pitching: RHP Frank Medrano
|
|
|
Batting: RHB Luis Jara
|
0-0: Foul Ball, location: 2F 0-1: SINGLE (Groundball, 6MS, EV 68.1 MPH) (infield hit)
|
|
Batting: LHB Dave Northam
|
0-0: Called Strike 0-1: Ball Luis Jara is caught stealing 2nd base 2-6 1-1: Foul Ball, location: 2F 1-2: Foul Ball, location: 2F 1-2: Foul Ball, location: 2F 1-2: Ball 2-2: Ball 3-2: SOLO HOME RUN (Flyball, 78XD, EV 110.6 MPH), Distance : 418 ft
|
|
Batting: RHB Bobby Ross
|
0-0: Ball 1-0: Called Strike 1-1: Ball 2-1: Swinging Strike 2-2: Ball 3-2: Base on Balls
|
|
Batting: RHB Tony Bonilla
|
0-0: Called Strike 0-1: Ball 1-1: Swinging Strike 1-2: Foul Ball, location: 2F 1-2: Fielders Choice at 2nd, 5-4 (Groundball, 56, EV 85.0 MPH)
|
|
Pitching: RHP Jose Palacio
|
|
|
Pinch Hitting: LHB Jonathan Watt
|
0-0: Called Strike Tony Bonilla steals 2nd base 0-1: Swinging Strike 0-2: Ball 1-2: Ball 2-2: Ball 3-2: Ground out 4-3 (Groundball, 4S, EV 88.1 MPH)
|
| Top of the 6th over - 1 run, 2 hits, 0 errors, 1 left on base; Princeton 1 - Pulaski 3 |
| BOTTOM OF THE 6TH |
|
Pulaski Yankees batting - Pitching for Princeton Rays : RHP Mo Vaughan
|
|
Now at SS: Dan Trainer
|
|
|
Batting: LHB Chris Viehman
|
0-0: Foul Ball, location: 2F 0-1: Ball 1-1: SINGLE (Groundball, 13S, EV 65.0 MPH) (infield hit)
|
|
Pitching: RHP Cody Gebo
|
|
|
Batting: RHB Scott Cuff
|
0-0: Ball Chris Viehman steals 2nd base 1-0: Called Strike 1-1: Ground out U3 (Groundball, 3, EV 100.6 MPH) Chris Viehman to third
|
|
Batting: RHB Victor Garcia
|
0-0: Ball 1-0: Swinging Strike 1-1: Ball 2-1: Ball 3-1: Called Strike 3-2: Foul Ball, location: 2F 3-2: Fly out, F9 (Flyball, 9LM, EV 91.9 MPH)
|
|
Batting: RHB Bailey Hays
|
0-0: Swinging Strike 0-1: Called Strike 0-2: Ball 1-2: Ground out 1-3 (Groundball, 13S, EV 67.5 MPH)
|
| Bottom of the 6th over - 0 runs, 1 hit, 0 errors, 1 left on base; Princeton 1 - Pulaski 3 |
| TOP OF THE 7TH |
|
Princeton Rays batting - Pitching for Pulaski Yankees : RHP Jose Palacio
|
|
Batting: RHB Sandoval Serzedelo
|
0-0: Foul Ball, location: 2F 0-1: Called Strike 0-2: Ball 1-2: Foul Ball, location: 2F 1-2: Ground out 6-3 (Groundball, 6, EV 108.1 MPH)
|
|
Pinch Hitting: RHB Gabe Wilcoxon
|
0-0: Called Strike 0-1: Ball 1-1: SINGLE (Groundball, 56D, EV 93.8 MPH)
|
|
Batting: RHB Willie Acevedo
|
0-0: Ball 1-0: Called Strike 1-1: Ball 2-1: Grounds into double play, 6-4-3 (Groundball, 6, EV 107.5 MPH)
|
| Top of the 7th over - 0 runs, 1 hit, 0 errors, 0 left on base; Princeton 1 - Pulaski 3 |
| BOTTOM OF THE 7TH |
|
Pulaski Yankees batting - Pitching for Princeton Rays : RHP Cody Gebo
|
|
Now in CF: Carlos Ruelas
|
|
|
Batting: RHB Ken Stair
|
0-0: Ball 1-0: SINGLE (Line Drive, 34D, EV 96.2 MPH)
|
|
Batting: SHB Dylan Best
|
0-0: Ball 1-0: Foul Ball, location: 2F 1-1: Called Strike 1-2: Ball 2-2: Foul Ball, location: 2F 2-2: Foul Ball, location: 2F 2-2: Strikes out swinging
|
|
Batting: RHB Paul Ngumi
|
0-0: Ball 1-0: Foul Ball, location: 2F 1-1: Foul Ball, location: 2F 1-2: Foul Ball, location: 2F 1-2: Fly out, F9 (Flyball, 9S, EV 96.9 MPH)
|
|
Pinch Hitting: LHB Victor Reyna
|
0-0: Ball 1-0: Called Strike Ken Stair is caught stealing 2nd base 2-6
|
| Bottom of the 7th over - 0 runs, 1 hit, 0 errors, 0 left on base; Princeton 1 - Pulaski 3 |
| TOP OF THE 8TH |
|
Princeton Rays batting - Pitching for Pulaski Yankees : RHP Jose Palacio
|
|
Now at 2B: Edwin Sierra
|
|
|
Now at 3B: Victor Garcia
|
|
|
Now at SS: Juan Perez
|
|
|
Now in CF: Troy Jones
|
|
|
Now in RF: Victor Reyna
|
|
|
Batting: RHB Toshikatsu Omori
|
0-0: Ball 1-0: Fly out, F8 (Flyball, 8RD, EV 83.1 MPH)
|
|
Pinch Hitting: LHB Ian Cranton
|
0-0: Foul Ball, location: 2F 0-1: Ball 1-1: Ball 2-1: Ball 3-1: Foul Ball, location: 2F 3-2: Foul Ball, location: 2F 3-2: Reached on error, E5 (Groundball, 56, EV 85.0 MPH)
|
|
Batting: LHB Dave Northam
|
0-0: Foul Ball, location: 2F 0-1: Swinging Strike 0-2: Strikes out looking
|
|
Batting: RHB Bobby Ross
|
0-0: Ball 1-0: Ball 2-0: Ball 3-0: Called Strike 3-1: Base on Balls Ian Cranton to second
|
|
Pitching: RHP Zack Young
|
|
|
Batting: RHB Tony Bonilla
|
0-0: Foul Ball, location: 2F 0-1: Foul Ball, location: 2F 0-2: Foul Ball, location: 2F 0-2: Strikes out swinging
|
| Top of the 8th over - 0 runs, 0 hits, 1 error, 2 left on base; Princeton 1 - Pulaski 3 |
| BOTTOM OF THE 8TH |
|
Pulaski Yankees batting - Pitching for Princeton Rays : RHP Cody Gebo
|
|
Now at 2B: Jeff Standridge
|
|
|
Now at 3B: Willie Acevedo
|
|
|
Batting: LHB Victor Reyna
|
0-0: Ball 1-0: Ball 2-0: Fly out, F9 (Flyball, 89M, EV 91.9 MPH)
|
|
Batting: LHB Dave Ortiz
|
0-0: Swinging Strike 0-1: Foul Ball, location: 2F 0-2: Ball 1-2: Ball 2-2: Foul Ball, location: 2F 2-2: Ball 3-2: Strikes out swinging
|
|
Batting: LHB Chris Viehman
|
0-0: SINGLE (Line Drive, 4M, EV 98.1 MPH)
|
|
Pitching: RHP Vince Martinez
|
|
|
Batting: LHB Troy Jones
|
0-0: Ball Wild Pitch! Chris Viehman to second 1-0: Ball 2-0: Called Strike 2-1: Ball 3-1: Reached on error, E8 (Flyball, 8RM, EV 90.0 MPH) Chris Viehman scores
|
|
Batting: RHB Victor Garcia
|
0-0: Intentional Walk
|
|
Batting: RHB Bailey Hays
|
0-0: Called Strike 0-1: Called Strike 0-2: Ball 1-2: Foul Ball, location: 2F 1-2: Fielders Choice at 2nd, 6-4 (Groundball, 6MD, EV 106.9 MPH)
|
| Bottom of the 8th over - 1 run, 1 hit, 1 error, 2 left on base; Princeton 1 - Pulaski 4 |
| TOP OF THE 9TH |
|
Princeton Rays batting - Pitching for Pulaski Yankees : RHP Zack Young
|
|
Pitching: RHP Lucas Uil
|
|
|
Batting: SHB Dan Trainer
|
0-0: Called Strike 0-1: Ball 1-1: Fly out, F8 (Flyball, 8RM, EV 86.2 MPH)
|
|
Batting: RHB Sandoval Serzedelo
|
0-0: Ball 1-0: Foul Ball, location: 2F 1-1: Ball 2-1: Ball 3-1: Fly out, F8 (Flyball, 78D, EV 86.9 MPH)
|
|
Pinch Hitting: RHB Joel Wittmier
|
0-0: Swinging Strike 0-1: Ball 1-1: Called Strike 1-2: Ball 2-2: SINGLE (Groundball, 4MD, EV 109.4 MPH)
|
|
Batting: RHB Willie Acevedo
|
0-0: Called Strike 0-1: Foul Ball, location: 2F 0-2: Strikes out looking
|
| Top of the 9th over - 0 runs, 1 hit, 0 errors, 1 left on base; Princeton 1 - Pulaski 4 |
|